 Dungeon Crawl Stone Soup version 0.27.1-33-g824d729ab1 (webtiles) character file.

Game seed: 8176607338429237772

116 Thatpatchoflichen the Stinger (level 5, -2/38 HPs)
             Began as a Merfolk Venom Mage on Dec 15, 2021.
             Slain by Sigmund (11 damage)
             ... on level 3 of the Dungeon on Dec 16, 2021.
             The game lasted 00:17:03 (5033 turns).

Thatpatchoflichen the Stinger (Merfolk Venom Mage)  Turns: 5033, Time: 00:17:04

Health: -2/38      AC:  3    Str:  8    XL:     5   Next: 1%
Magic:  2/8        EV: 14    Int: 16    God:
Gold:   109        SH:  0    Dex: 20    Spells: 5/8 levels left

rFire    + . .     SeeInvis .   o - +0 spear
rCold    x . .     Faith    .   (no shield)
rNeg     . . .     Spirit   .   a - +0 robe
rPois    .         Reflect  .   f - +0 helmet
rElec    .         Harm     .   (no cloak)
rCorr    .         Rampage  .   (no gloves)
Will     .....                  (no boots)
Stlth    +.........             (no amulet)
HPRegen  0.12/turn              p - +6 ring of dexterity
MPRegen  0.11/turn              d - ring of fire

@: confused
A: (nimble swimmer 2), mertail
a: no special abilities


You were on level 3 of the Dungeon.
You visited 1 branch of the dungeon, and saw 3 of its levels.

You collected 133 gold pieces.
You spent 24 gold pieces at shops.

Inventory:

Hand Weapons
 c - a +0 hunting sling
 o - a +0 spear (weapon)
 u - a +1 dagger of freezing
 w - a +1 vampiric dagger
Missiles
 h - 68 stones
 q - 6 poisoned darts
 s - 3 boomerangs
Armour
 a - a +0 robe (worn)
 f - a +0 helmet (worn)
Jewellery
 d - a ring of fire (right hand)
 p - a +6 ring of dexterity (left hand)
Scrolls
 b - 2 scrolls of amnesia
 j - 2 scrolls of enchant armour {unknown}
 m - 2 scrolls of identify
 t - a scroll of brand weapon {unknown}
 v - a scroll of fear {unknown}
Potions
 e - a potion of mutation {unknown}
 g - a potion of heal wounds {unknown}
 i - a potion of degeneration {unknown}
 k - a potion of haste {unknown}
 l - a potion of attraction {unknown}
 n - a potion of invisibility {unknown}
 r - a potion of cancellation {unknown}


   Skills:
 + Level 2.0 Fighting
 + Level 1.6 Polearms
 + Level 3.8 Dodging
 - Level 2.1 Stealth
 + Level 2.4 Spellcasting
 - Level 2.0 Transmutations
 + Level 4.2 Poison Magic


You had 5 spell levels left.
You knew the following spells:

 Your Spells              Type           Power      Damage    Failure   Level
a - Sting                 Tmut/Pois      44%        1d5       5%          1
b - Poisonous Vapours     Pois/Air       16%        N/A       13%         2

Your spell library contained the following spells:

 Spells                   Type           Power      Damage    Failure   Level
 Animate Skeleton         Necr           2%         N/A       21%         1
 Apportation              Tloc           2%         N/A       21%         1
 Corona                   Hex            1%         N/A       21%         1
 Magic Dart               Conj           4%         1d3       21%         1
 Summon Small Mammal      Summ           4%         N/A       21%         1
 Call Imp                 Summ           1%         N/A       30%         2
 Mephitic Cloud           Conj/Pois/Air  6%         N/A       32%         3
 Olgreb's Toxic Radiance  Pois           15%        N/A       34%         4
 Portal Projectile        Hex/Tloc       2%         N/A       52%         3
 Alistair's Intoxication  Tmut/Pois      7%         N/A       83%         5
 Blade Hands              Tmut           4%         N/A       94%         5
 Excruciating Wounds      Necr           0%         N/A       99%         5
 Invisibility             Hex            0%         N/A       100%        6


Dungeon Overview and Level Annotations

Branches:
Dungeon (3/15)

Altars:
Qazlal

Shops:
D:1 !   D:2 ?

Annotations:
D:3 Sigmund


Innate Abilities, Weirdness & Mutations

((You are quick and stealthy near water. (Stealth+, EV+, Speed+++)))
Your lower body shifts to a powerful aquatic tail in water.


Message History

Aiming: Poisonous Vapours (safe; 13% risk of failure)
Press: ? - help, Dir - move target, f/p - Sigmund
Aim: Sigmund, wielding a +4 vorpal scythe and wearing a +0 robe (lightly wounded, very poisoned) Poisonous vapours surround Sigmund!
Sigmund looks as sick as possible!
Sigmund says, "Look into my eyes."
Sigmund misses you. The goblin hits you but does no damage.
Sigmund gestures at you while chanting. The magic dart hits you.
You hit the goblin.
You kill the goblin!
Sigmund closely misses you.
You see here a +0 dagger.
Aiming: Sting (safe; 5% risk of failure)
Press: ? - help, Q - select action, (/) - cycle Shift-Dir - straight line, f/p - Sigmund
Aim: Sigmund, wielding a +4 vorpal scythe and wearing a +0 robe (moderately wounded, very poisoned, 68% to hit)
The sting hits Sigmund.
Sigmund looks as sick as possible!
Sigmund is moderately wounded.
You don't have enough magic to cast this spell.
Sigmund casts a spell.
Sigmund flickers and vanishes!
Deactivating autopickup; reactivate with Ctrl-A.
Something hits you.
You miss something.
You hear some strange, mumbled words.
A magic dart appears from out of thin air!
The magic dart hits you!
You barely miss something. Something barely misses you.
A magic dart appears from out of thin air!
The magic dart hits you.
You see here a +0 dagger.
You hear some strange, mumbled words.
You are confused.
You're too confused to move!
You bump into the stone wall.
You hear some strange, mumbled words.
A puff of flame appears from out of thin air!
The puff of flame hits you. You resist.
* * * LOW HITPOINT WARNING * * *
Something hits you!
You die...

#.# ###.# ######## ###...#
#......# ###...#.. #......#
#####...####. #......#
###.....###..#. #......#
###...##.##....## ###......####
###...#..#..#..#..#
..'.........###.@.####.##.##....#
###......##.)...### #..#.....###
#.##########.## ##†##.####.. #
#..# #).#÷.#...# ##.##
##.##.÷.### #..# #..†#)###..
##.####...#####...#
#..#...###.#...#.#
##...###...##.##..


There were no monsters in sight!

Vanquished Creatures
  Robin (D:3)
  3 adders (D:3)
  2 worms
  2 dart slugs (D:3)
  An orc (D:3)
  2 ball pythons
  An endoplasm (D:3)
  3 giant cockroaches
  8 hobgoblins
  A jackal (D:3)
  7 kobolds
  3 quokkas
  8 bats
  6 frilled lizards
  13 goblins
  5 rats
66 creatures vanquished.

Vanquished Creatures (others)
  2 fungi (D:1)
2 creatures vanquished.

Grand Total: 68 creatures vanquished

Notes
Turn   | Place    | Note
-------+----------+-------------------------------------------
     0 | D:1      | Thatpatchoflichen the Merfolk Venom Mage began the quest
                  | for the Orb.
     0 | D:1      | Reached XP level 1. HP: 13/13 MP: 3/3
   386 | D:1      | Found Cavug's Distillery.
   493 | D:1      | Reached XP level 2. HP: 20/20 MP: 1/5
   979 | D:1      | Learned a level 2 spell: Poisonous Vapours
  1107 | D:1      | Reached skill level 1 in Fighting
  1334 | D:1      | Found a faded altar of an unknown god.
  1724 | D:1      | Reached XP level 3. HP: 17/26 MP: 0/6
  1848 | D:2      | Found Gazxoil's Magic Scroll Shoppe.
  1942 | D:2      | Bought a scroll of identify for 24 gold pieces
  2761 | D:3      | Noticed Sigmund
  3199 | D:3      | Reached skill level 4 in Poison Magic
  3239 | D:3      | Found a stormy altar of Qazlal.
  3541 | D:3      | Reached XP level 4. HP: 32/32 MP: 3/7
  3618 | D:3      | Reached skill level 1 in Polearms
  4331 | D:3      | Noticed Robin
  4346 | D:3      | Killed Robin
  4347 | D:3      | HP: 1/33 [hobgoblin[Robin] (2)]
  4751 | D:3      | Reached XP level 5. HP: 38/38 MP: 5/8
  5033 | D:3      | Slain by Sigmund

Illustrated notes

Levels and vault maps discovered:
D:1:      dpeg_arrival_leaves_temple_mockup, layout_loops_ring, serial_shops,
          shop, dreamdust_ecumenical_altar_grove, minivault_5
D:2:      layout_rooms, serial_shops, shop
D:3:      minmay_skewed_foursquare, layout_basic, general_overflow_altar,
          kennysheep_small_spiral, uniq_robin, uniq_sigmund

Skill      XL: |  1  2  3  4 |
---------------+-------------+-----
Dodging        | 3 |  3.8
Transmutations | 2 |  2.0
Fighting       | 1 2 |  2.0
Poison Magic   | 4 |  4.2
Polearms       | 1 |  1.6
Stealth        | |  2.1
Spellcasting   | |  2.4

Action                   |  1- 3 |  4- 6 || total
-------------------------+-------+-------++-------
Melee: Club              |     7 |       ||     7
       Dagger            |    46 |       ||    46
       Spear             |    23 |    57 ||    80
 Cast: Sting             |    63 |    34 ||    97
       Poisonous Vapours |       |     9 ||     9
  Use: Scroll            |     1 |       ||     1
Armor: Robe              |    31 |    28 ||    59
Dodge: Dodged            |   125 |    92 ||   217
